Workbook

Sheet  投标总价封面
A1: 2024-2025年度物业变配电设施设备维护保养项目
A2: 投 标 总 价
C3: 投 标 人：
D4: (单位盖章)
D5: 年 月 日
G7: 封-3

Sheet 投标总价扉页
A1: 2024-2025年度物业变配电设施设备维护保养项目
A2: 投 标 总 价
A3: 招 标 人：
A4: 工 程 名 称： | C4: 2024-2025年度物业变配电设施设备维护保养项目
A5: 投 标 总 价 | C5: （小写）： | D5: =清单汇总表!F9 -> 0
C6: （大写）： | D6: =D5 -> 0
A7: 投 标 人：
C8: (单位盖章)
A9: 法定代表人 或其授权人：
C10: (签字或盖章)
A11: 编 制 人：
C12: （造价人员签字盖专用章）
A13: 编 制 时 间：
G14: 扉-3

Sheet 清单汇总表
A1: 2024-2025年度物业变配电设施设备维护保养项目 清单汇总表
A2: 项目名称：2024-2025年度物业变配电设施设备维护保养项目
A3: 序号 | B3: 项目名称 | C3: 计量单位 | D3: 数量 | E3: 年费用（元） | F3: 合价（元） | G3: 备注
A4: =ROW()-3 -> 1 | B4: =嘉禾丰兴商业广场!B4 -> 嘉禾丰兴商业广场 | C4: 年度 | D4: 2 | E4: =嘉禾丰兴商业广场!J16 -> 0 | F4: =E4*D4 -> 0
A5: =ROW()-3 -> 2 | B5: =石井槎头商铺!B4 -> 石井槎头商铺 | C5: 年度 | D5: 2 | E5: =石井槎头商铺!J16 -> 0 | F5: =E5*D5 -> 0
A6: =ROW()-3 -> 3 | B6: =人和旧办公室!B4 -> 人和旧办公室 | C6: 年度 | D6: 2 | E6: =人和旧办公室!J12 -> 0 | F6: =E6*D6 -> 0
A7: =ROW()-3 -> 4 | B7: =竹料茶楼!B4 -> 竹料茶楼 | C7: 年度 | D7: 2 | E7: =竹料茶楼!J12 -> 0 | F7: =E7*D7 -> 0
A8: =ROW()-3 -> 5 | B8: =新和厂房!B4 -> 新和厂房 | C8: 年度 | D8: 2 | E8: =新和厂房!J12 -> 0 | F8: =E8*D8 -> 0
A9: 合计 | F9: =SUM(F4:F8) -> 0

Sheet 嘉禾丰兴商业广场
A1: 2024-2025年度物业变配电设施设备维护保养项目 清单与计价表
A2: 项目名称：2024-2025年度物业变配电设施设备维护保养项目
A3: 序号 | B3: 项目名称 | C3: 项目地址 | D3: 主要设备明细 | E3: 设备型号 | F3: 部分现有设备厂牌 | G3: 计量单位 | H3: 数量 | I3: 综合单价（元） | J3: 合价（元）
A4: 1 | B4: 嘉禾丰兴商业广场 | C4: 广花路西侧加禾墟东街68号,4号,加禾东横街20号,12号 | D4: 800K变压器 | E4: S11-800 | F4: 明珠电气股份有限公司 | G4: 台 | H4: 1 | I4: 0 | J4: =H4*I4 -> 0
D5: 高压柜 | E5: KYN | F5: 广东中兴电器开关股份有限公司 | G5: 具 | H5: 2 | J5: =H5*I5 -> 0
D6: 直流屏电柜蓄电池系统 | F6: 广东中兴电器开关股份有限公司 | G6: 套 | H6: 1 | J6: =H6*I6 -> 0
D7: 低压柜 | E7: GCL | F7: 佛山市顺德区永丰机电设备实业有限公司 | G7: 具 | H7: 4 | J7: =H7*I7 -> 0
D8: 零序保护 | G8: 套 | H8: 1 | J8: =H8*I8 -> 0
D9: 瓦斯保护 | G9: 套 | H9: 1 | J9: =H9*I9 -> 0
D10: 高压电缆（100米内） | G10: 项 | H10: 1 | J10: =H10*I10 -> 0
D11: 户内电缆头 | G11: 套 | H11: 4 | J11: =H11*I11 -> 0
D12: 避雷器 | G12: 组 | H12: 1 | J12: =H12*I12 -> 0
D13: 直流电动操作定时限保护 | G13: 项 | H13: 1 | J13: =H13*I13 -> 0
A14: 一 | B14: 小计 | J14: =SUM(J4:J13) -> 0
A15: 二 | B15: 税金=（一）*6% | J15: =J14*6% -> 0
A16: 三 | B16: 总造价=（一+二） | J16: =J14+J15 -> 0
A17: 说明： 1.电缆不足100米按100米计算； 2.以上综合单价报价均含人工费、材料费、机械费、管理费、利润及相应的风险； 3.以上报价应包括为按现场设备实际情况及规范要求完成该清单项目所需要的其他附属工作内容所涉及的一切费用。

Sheet 石井槎头商铺
A1: 2024-2025年度物业变配电设施设备维护保养项目 清单与计价表
A2: 项目名称：2024-2025年度物业变配电设施设备维护保养项目
A3: 序号 | B3: 项目名称 | C3: 项目地址 | D3: 主要设备明细 | E3: 设备型号 | F3: 部分现有设备厂牌 | G3: 计量单位 | H3: 数量 | I3: 综合单价（元） | J3: 合价（元）
A4: 1 | B4: 石井槎头商铺 | C4: 白云区石井镇西槎路槎头大街753-763号 | D4: 800K变压器 | E4: S11-800 | F4: 海南威特电气集团有限公司 | G4: 台 | H4: 1 | J4: =H4*I4 -> 0
D5: 高压柜 | E5: KYN | F5: 广东顺德怡洋电器设备有限公司 | G5: 具 | H5: 2 | J5: =H5*I5 -> 0
D6: 低压柜 | E6: GCL | F6: 广东顺德怡洋电器设备有限公司 | G6: 具 | H6: 4 | J6: =H6*I6 -> 0
D7: 直流屏电柜（蓄电池系统） | F7: 广东顺德怡洋电器设备有限公司 | G7: 套 | H7: 1 | J7: =H7*I7 -> 0
D8: 零序保护 | G8: 套 | H8: 1 | J8: =H8*I8 -> 0
D9: 瓦斯保护 | G9: 套 | H9: 1 | J9: =H9*I9 -> 0
D10: 高压电缆（370米） | G10: 项 | H10: 1 | J10: =H10*I10 -> 0
D11: 户内电缆头 | G11: 套 | H11: 2 | J11: =H11*I11 -> 0
D12: 避雷器 | G12: 组 | H12: 1 | J12: =H12*I12 -> 0
D13: 直流电动操作定时限保护 | G13: 项 | H13: 1 | J13: =H13*I13 -> 0
A14: 一 | B14: 小计 | J14: =SUM(J4:J13) -> 0
A15: 二 | B15: 税金=（一）*6% | J15: =J14*6% -> 0
A16: 三 | B16: 总造价=（一+二） | J16: =J14+J15 -> 0
A17: 说明： 1.电缆不足100米按100米计算； 2.以上综合单价报价均含人工费、材料费、机械费、管理费、利润及相应的风险； 3.以上报价应包括为按现场设备实际情况及规范要求完成该清单项目所需要的其他附属工作内容所涉及的一切费用。

Sheet 人和旧办公室
A1: 2024-2025年度物业变配电设施设备维护保养项目 清单与计价表
A2: 项目名称：2024-2025年度物业变配电设施设备维护保养项目
A3: 序号 | B3: 项目名称 | C3: 项目地址 | D3: 主要设备明细 | E3: 设备型号 | F3: 部分现有设备厂牌 | G3: 计量单位 | H3: 数量 | I3: 综合单价（元） | J3: 合价（元）
A4: 1 | B4: 人和旧办公室 | C4: 人和镇人和墟大街22号 | D4: 315K变压器 | E4: S11-315 | G4: 台 | H4: 1 | J4: =H4*I4 -> 0
D5: 高压柜 | E5: HXGN | G5: 具 | H5: 4 | J5: =H5*I5 -> 0
D6: 低压柜 | E6: GGD | G6: 具 | H6: 3 | J6: =H6*I6 -> 0
D7: 高压电缆（100米内） | G7: 项 | H7: 1 | J7: =H7*I7 -> 0
D8: 户内电缆头 | G8: 套 | H8: 4 | J8: =H8*I8 -> 0
D9: 避雷器 | G9: 组 | H9: 1 | J9: =H9*I9 -> 0
A10: 一 | B10: 小计 | J10: =SUM(J4:J9) -> 0
A11: 二 | B11: 税金=（一）*6% | J11: =J10*6% -> 0
A12: 三 | B12: 总造价=（一+二） | J12: =J10+J11 -> 0
A13: 说明： 1.电缆不足100米按100米计算； 2.以上综合单价报价均含人工费、材料费、机械费、管理费、利润及相应的风险； 3.以上报价应包括为按现场设备实际情况及规范要求完成该清单项目所需要的其他附属工作内容所涉及的一切费用。

Sheet 竹料茶楼
A1: 2024-2025年度物业变配电设施设备维护保养项目 清单与计价表
A2: 项目名称：2024-2025年度物业变配电设施设备维护保养项目
A3: 序号 | B3: 项目名称 | C3: 项目地址 | D3: 主要设备明细 | E3: 设备型号 | F3: 部分现有设备厂牌 | G3: 计量单位 | H3: 数量 | I3: 综合单价（元） | J3: 合价（元）
A4: 1 | B4: 竹料茶楼 | C4: 白云区竹料镇竹料大街82号 | D4: 630k变压器 | E4: S11-630 | F4: 佛山市顺德区永丰机电设备实业有限公司 | G4: 台 | H4: 1 | J4: =H4*I4 -> 0
D5: 高压柜 | E5: HXGN | F5: 佛山市顺德区永丰机电设备实业有限公司 | G5: 具 | H5: 4 | J5: =H5*I5 -> 0
D6: 低压柜 | E6: GGD | F6: 佛山市顺德区永丰机电设备实业有限公司 | G6: 具 | H6: 4 | J6: =H6*I6 -> 0
D7: 高压电缆（260米） | G7: 项 | H7: 1 | J7: =H7*I7 -> 0
D8: 户内电缆头 | G8: 套 | H8: 4 | J8: =H8*I8 -> 0
D9: 避雷器 | G9: 组 | H9: 1 | J9: =H9*I9 -> 0
A10: 一 | B10: 小计 | J10: =SUM(J4:J9) -> 0
A11: 二 | B11: 税金=（一）*6% | J11: =J10*6% -> 0
A12: 三 | B12: 总造价=（一+二） | J12: =J10+J11 -> 0
A13: 说明： 1.电缆不足100米按100米计算； 2.以上综合单价报价均含人工费、材料费、机械费、管理费、利润及相应的风险； 3.以上报价应包括为按现场设备实际情况及规范要求完成该清单项目所需要的其他附属工作内容所涉及的一切费用。

Sheet 新和厂房
A1: 2024-2025年度物业变配电设施设备维护保养项目 清单与计价表
A2: 项目名称：2024-2025年度物业变配电设施设备维护保养项目
A3: 序号 | B3: 项目名称 | C3: 项目地址 | D3: 主要设备明细 | E3: 设备型号 | F3: 部分现有设备厂牌 | G3: 计量单位 | H3: 数量 | I3: 综合单价（元） | J3: 合价（元）
A4: 1 | B4: 新和厂房 | C4: 白云区钟落潭镇新和西街33号 | D4: 200K变压器 | E4: S11-200 | F4: 佛山市顺德区永丰机电设备实业有限公司 | G4: 台 | H4: 1 | J4: =H4*I4 -> 0
D5: 高压柜 | E5: HXGN | F5: 佛山市顺德区永丰机电设备实业有限公司 | G5: 具 | H5: 2 | J5: =H5*I5 -> 0
D6: 低压柜 | E6: GGD | F6: 佛山市顺德区永丰机电设备实业有限公司 | G6: 具 | H6: 5 | J6: =H6*I6 -> 0
D7: 高压电缆（100米内） | G7: 项 | H7: 1 | J7: =H7*I7 -> 0
D8: 户内电缆头 | G8: 套 | H8: 2 | J8: =H8*I8 -> 0
D9: 避雷器 | G9: 组 | H9: 1 | J9: =H9*I9 -> 0
A10: 一 | B10: 小计 | J10: =SUM(J4:J9) -> 0
A11: 二 | B11: 税金=（一）*6% | J11: =J10*6% -> 0
A12: 三 | B12: 总造价=（一+二） | J12: =J10+J11 -> 0
A13: 说明： 1.电缆不足100米按100米计算； 2.以上综合单价报价均含人工费、材料费、机械费、管理费、利润及相应的风险； 3.以上报价应包括为按现场设备实际情况及规范要求完成该清单项目所需要的其他附属工作内容所涉及的一切费用。
